Map: Eastwatch LE

Players

Lillekanin

  • Race: Terran Terran
  • Spawn Location: 1:00

Bly - Winner!

  • Race: Zerg Zerg
  • Spawn Location: 7:00

Event: IEM Season 12 - Katowice

VOD

Have the link to the VOD?

Description

Time

  • Played on: Feb. 26, 2018, 5:06 a.m.
  • Length: 7:41

All games in this series

Show
View Real Time Build Order
Export as new Build Order

Lillekanin Terran 

Build Orders: Gas First Reaper Expand, Reaper Expand 

Get SALT Encoding   

  12  0:00  SCV  
  13  0:13  SCV  
  14  0:18  Supply Depot  
  14  0:25  SCV  
  15  0:29  Refinery  
  15  0:39  SCV  
  16  0:45  Barracks  
  16  0:52  SCV  
  17  1:04  SCV  
  18  1:16  SCV  
  19  1:32  Orbital Command  
  19  1:33  Reaper  
  20  1:48  Command Center  
  20  1:58  SCV  
  21  2:04  Factory  
  21  2:08  Barracks Reactor  
  21  2:10  SCV  
  22  2:16  Refinery  
  22  2:22  Supply Depot  
  22  2:24  SCV  
  23  2:43  SCV  
  24  2:52  Starport  
  24  2:55  Hellion x2, SCV  
  24  2:57  Barracks Tech Lab  
  29  3:04  Orbital Command  
  29  3:08  SCV  
  30  3:20  SCV  
  30  3:26  Hellion x2  
  35  3:28  Marine  
  35  3:31  SCV  
  35  3:32  SCV  
  38  3:35  Banshee  
  41  3:43  SCV  
  41  3:47  Cyclone  
  45  3:58  Supply Depot  
  45  4:03  SCV  
  45  4:08  Cyclone, SCV  
  50  4:11  Supply Depot  
  50  4:15  SCV  
  51  4:18  Banshee  
  51  4:20  SCV  
  51  4:21  Supply Depot  
  55  4:28  SCV  
  56  4:32  SCV  
  57  4:40  SCV  
  57  4:44  SCV  
  57  4:45  Command Center  
  59  4:50  Refinery  
  59  4:52  SCV, Refinery  
  60  4:56  SCV  
  60  4:58  Supply Depot  
  61  5:04  SCV  
  57  5:08  SCV  
  57  5:09  Hellion x2  
  62  5:16  SCV  
  62  5:20  SCV  
  64  5:28  Supply Depot, SCV  
  63  5:30  Hellion x2  
  63  5:33  SCV  
  68  5:38  Armory  
  68  5:40  Fusion Core, SCV  
  68  5:41  Armory  
  69  5:45  Viking  
  69  5:47  SCV  
  72  5:52  SCV  
  73  5:57  Barracks Tech Lab  
  73  5:59  SCV, Factory  
  71  6:10  SCV  
  72  6:13  SCV  
  72  6:15  Supply Depot  
  73  6:22  SCV  
  74  6:25  Factory  
  74  6:28  Starport Reactor  
  74  6:29  SCV  
  75  6:33  Orbital Command  
  74  6:42  SCV  
  74  6:46  SCV  
  76  6:54  SCV, Command Center  
  76  6:58  SCV  
  76  7:00  Engineering Bay  
  78  7:05  SCV  
  78  7:06  SCV  
  80  7:10  SCV  
  80  7:15  Refinery  
  87  7:17  SCV, Refinery  
  87  7:18  SCV  
  93  7:23  SCV  
  93  7:29  Missile Turret  
Show
View Real Time Build Order
Export as new Build Order

Bly Zerg - Winner!

Build Orders: Hatch First 

Get SALT Encoding   

  12  0:01  Drone  
  13  0:12  Overlord  
  13  0:18  Drone  
  14  0:31  Drone x2  
  16  0:37  Drone  
  17  0:52  Hatchery  
  16  0:58  Drone  
  16  1:03  Drone  
  18  1:05  Extractor  
  17  1:14  Spawning Pool  
  17  1:17  Drone  
  17  1:21  Drone  
  18  1:28  Drone  
  19  1:39  Overlord  
  19  2:01  Queen  
  19  2:03  Queen, Zergling x4  
  19  2:04  Zergling x2  
  26  2:13  Metabolic Boost  
  26  2:29  Drone x4  
  30  2:38  Hatchery  
  29  2:47  Drone x3  
  32  2:55  Overlord  
  32  3:01  Queen  
  34  3:11  Drone x2  
  35  3:21  Drone x4  
  35  3:22  Drone  
  40  3:28  Overlord  
  40  3:39  Zergling x4  
  41  3:50  Drone  
  41  3:51  Drone x7  
  41  3:52  Drone  
  41  3:54  Queen  
  52  3:55  Lair  
  52  3:56  Extractor  
  52  3:59  Spore Crawler  
  50  4:04  Overlord  
  50  4:07  Overlord  
  50  4:09  Drone  
  52  4:12  Extractor  
  52  4:14  Drone  
  52  4:15  Drone x2  
  54  4:21  Queen  
  54  4:22  Overlord  
  56  4:27  Overlord x2  
  56  4:31  Overlord  
  56  4:34  Overlord  
  56  4:38  Overlord  
  56  4:48  Zergling x8  
  56  4:49  Zergling x8  
  64  4:52  Spore Crawler  
  64  4:55  Overseer  
  62  5:06  Drone x4  
  62  5:07  Drone x3  
  64  5:11  Drone  
  65  5:15  Spire  
  65  5:18  Extractor  
  61  5:26  Drone x6  
  61  5:27  Drone  
  67  5:36  Drone  
  67  5:37  Drone x5  
  67  5:39  Drone  
  67  5:41  Drone  
  67  5:42  Drone  
  76  5:48  Drone  
  77  5:53  Extractor  
  77  5:55  Extractor  
  75  5:57  Drone  
  75  5:58  Drone x4  
  79  6:05  Drone x4  
  79  6:08  Drone x2  
  79  6:09  Drone x2  
  87  6:18  Overlord  
  87  6:19  Overlord  
  87  6:29  Hatchery  
  86  6:33  Mutalisk  
  86  6:34  Mutalisk x7  
  100  6:42  Mutalisk x3  
  100  6:46  Mutalisk  
  104  6:50  Roach Warren  
  105  6:58  Mutalisk x2  
  107  7:13  Zergling x14  
  107  7:14  Zergling x14  

Tags
 
Add a new tag
Caveats
  • Supply blocks, unpowered buildings, or Contaminate may cause inaccurate times.
  • Supply counts are checked every 10 seconds.